 Dungeon Crawl Stone Soup version 0.29.1-12-g30fa7ad0bf (webtiles) character file.

Game seed: 6745857891956844282

14 Oxelix the Conjurer (level 2, 0/20 HPs)
             Began as a Draconian Conjurer on Jan 3, 2023.
             Slain by an adder (3 damage)
             ... on level 1 of the Dungeon.
             The game lasted 00:02:19 (993 turns).

Oxelix the Conjurer (Draconian Conjurer)             Turns: 993, Time: 00:02:20

Health: 0/20       AC:  4    Str:  9    XL:     2   Next: 27%
Magic:  1/5        EV: 12    Int: 18    God:
Gold:   91         SH:  0    Dex:  9    Spells: 4/5 levels left

rFire   . . .      SeeInvis .   (no weapon)
rCold   . . .      Faith    .   (no shield)
rNeg    . . .      Spirit   .   (body armour unavailable)
rPois   .          Reflect  .   (helmet restricted)
rElec   .          Harm     .   (no cloak)
rCorr   .          Rampage  .   (no gloves)
Will    .....                   (no boots)
Stlth   ++........              (no amulet)
HPRegen 0.06/turn               (no ring)
MPRegen 0.09/turn               (no ring)

@: mighty, lethally poisoned (0 -> -2)
A: AC +4, unfitting armour, cold-blooded
a: no special abilities


You were on level 1 of the Dungeon.
You visited 1 branch of the dungeon, and saw 2 of its levels.

You collected 91 gold pieces.

Inventory:

Missiles
 h - 7 stones
Scrolls
 b - a scroll of enchant weapon {unknown}
 e - a scroll of immolation {unknown}
 f - a scroll of fear {unknown}
Potions
 a - a potion of magic
 d - a potion of attraction {unknown}
 g - a potion of brilliance {unknown}
 i - a potion of curing {unknown}


   Skills:
 - Level 1.7 Dodging
 - Level 1.7 Stealth
 + Level 2.3 Spellcasting
 * Level 4.4 Conjurations


You had 4 spell levels left.
You knew the following spells:

 Your Spells              Type           Power      Damage    Failure   Level
a - Magic Dart            Conj           68%        1d6       3%          1

Your spell library contained the following spells:

 Spells                   Type           Power      Damage    Failure   Level
 Searing Ray              Conj           34%        2d5       4%          2
 Dazzling Flash           Conj/Hex       20%        N/A       22%         3
 Fulminant Prism          Conj/Hex       5%         3d7       56%         4
 Iskenderun's Mystic Bla  Conj/Tloc      10%        2d4       56%         4


Dungeon Overview and Level Annotations

Branches:
Dungeon (2/15)

Altars:


Innate Abilities, Weirdness & Mutations

Your plain brown scales are hard. (AC +4)
You cannot fit into any form of body armour.
You are cold-blooded and may be slowed by cold attacks.


Message History

The adder is severely wounded.
You feel sick. The adder misses you.
You hit the adder but do no damage.
The adder is severely wounded.
You feel sick. The adder bites you but does no damage.
You feel sick. The adder bites you. The adder bites you but does no damage.
You climb upwards.
You feel sick.
There is a stone staircase leading down here.
You miss the adder.
The adder is severely wounded.
You feel sick.
You are no longer poisoned.
The adder barely misses you.
You closely miss the adder.
The adder is severely wounded.
The adder bites you.
* * * LOW HITPOINT WARNING * * *
You closely miss the adder.
The adder is severely wounded.
The adder closely misses you. The adder misses you.
Casting: Magic Dart (safe; 3% risk of failure)
Confirm with . or Enter, or press ? or * to list all spells.
Aiming: Magic Dart (safe; 3% risk of failure)
Press: ? - help, Shift-Dir - straight line, f - adder
Aim: an adder (severely wounded, 100% to hit)
The magic dart hits the adder.
The adder is severely wounded.
The adder bites you.
* * * LOW HITPOINT WARNING * * *
You are poisoned.
The adder poisons you!
It was a potion of might.
You feel very mighty all of a sudden.
* * * LOW HITPOINT WARNING * * *
You feel sick. The adder bites you but does no damage.
You closely miss the adder. Your punch misses the adder.
The adder is severely wounded.
* * * LOW HITPOINT WARNING * * *
You feel sick. The adder misses you. The adder bites you.
You die...

.............######
#.................#
##.####.###..####.#
##..# #.# #..# #.#
..#.# #.# #..# #.#
#.#.# #.###..# #.#
#.#.# #.##...# #.#
#.#.# #.##.#.####S#
....###.##.#.#..@.#
#...##..##.#.#.####
....##.###.#.#.#
#..#.........#.#
#..........###.#
#....#.##### #.#
#.####.# #.# #.#
#.# #.# #.# #.# #.#


You could see an adder.

Vanquished Creatures
  2 endoplasms (D:1)
  A goblin (D:1)
  2 hobgoblins (D:1)
  A ball python (D:1)
  3 bats (D:1)
  4 frilled lizards
  2 rats (D:1)
15 creatures vanquished.

Vanquished Creatures (others)
  A fungus (D:1)
  3 plants (D:1)
4 creatures vanquished.

Grand Total: 19 creatures vanquished

Notes
Turn   | Place    | Note
-------+----------+-------------------------------------------
     0 | D:1      | Oxelix the Draconian Conjurer began the quest for the Orb.
     0 | D:1      | Reached XP level 1. HP: 14/14 MP: 3/3
   453 | D:1      | Reached XP level 2. HP: 20/20 MP: 0/5
   637 | D:1      | Found a faded altar of an unknown god.
   993 | D:1      | Slain by an adder

Illustrated notes

Levels and vault maps discovered:
D:1:      psy_arrival_fountain, layout_loops_ring,
          shapermc_ecumenical_altar_mp_urbaneastern
D:2:      layout_basic, basic_altar, uniq_terence

Action                   || total
-------------------------++-------
Melee: Unarmed           ||    27
       Tailslap          ||     1
       Punch             ||     1
 Cast: Magic Dart        ||    32
  Use: Potion            ||     1
Armor: Skin              ||     3
Dodge: Dodged            ||     9
